 Dungeon Crawl Stone Soup version 0.18.1-48-g4cf74bf (webtiles) character file.

27 Joat the Digger (level 2, 14/22 HPs)
             Began as a Deep Dwarf Earth Elementalist on July 27, 2016.
             Quit the game on level 1 of the Dungeon.
             The game lasted 00:17:03 (610 turns).

Joat the Digger (Deep Dwarf Earth Elementalist)      Turns: 610, Time: 00:17:03

Health: 14/22      AC: 10    Str: 11    XL:     2   Next: 93%
Magic:  5/5        EV:  0    Int: 15    God:
Gold:   31         SH:  6    Dex: 13    Spells: 2 memorised, 2 levels left

rFire  . . .     SeeInvis .     q - +0 dagger
rCold  . . .     Gourm    .     s - +0 plate armour
rNeg   . . .     Faith    .     r - +0 shield
rPois  .         Spirit   .     (no helmet)
rElec  .         Dismiss  .     (no cloak)
rCorr  .         Reflect  .     (no gloves)
SustAt .         Harm     .     (no boots)
MR     .....                    (no amulet)
Stlth  ..........               (no ring)
                                (no ring)

@: non-regenerating, not resistant to hostile enchantments, extremely unstealthy
A: damage resistance, recharge devices, sense surroundings 1, slow regeneration
3
a: Device Recharging


You were on level 1 of the Dungeon.
You were not hungry.

You visited 1 branch of the dungeon, and saw 1 of its levels.

You collected 31 gold pieces.

Inventory:

Hand Weapons
 k - a +0 club
 q - a +0 dagger (weapon)
Missiles
 b - 95 stones (quivered)
 p - 28 arrows
Armour
 a - a +0 robe
 o - a +0 leather armour
 r - a +0 shield (worn)
 s - a +0 plate armour (worn)
Wands
 d - a wand of heal wounds (5/9)
Potions
 e - a potion of ambrosia {unknown}
 h - 2 potions of brilliance {unknown}
 i - a potion of might {unknown}
Books
 c - a book of Geomancy

   Spells                             Type                      Level
   a - Sandblast                      Earth                        1
   b - Passwall                       Transmutation/Earth          2
   c - Stone Arrow                    Conjuration/Earth            3
   d - Petrify                        Transmutation/Earth          4
   e - Lee's Rapid Deconstruction     Earth                        5
Comestibles
 f - a bread ration
 j - 5 chunks of flesh
 l - a beef jerky
 m - a meat ration
 n - a slice of pizza


   Skills:
 + Level 0.7 Armour
 + Level 2.5 Dodging
 - Level 2.6 Stealth
 + Level 0.0 Shields
 - Level 2.1 Spellcasting
 - Level 0.8 Transmutations
 - Level 4.3 Earth Magic
 - Level 0.6 Evocations


You had 2 spell levels left.
You knew the following spells:

 Your Spells              Type           Power        Failure   Level  Hunger
a - Sandblast             Erth           ##....       100%        1    #......
b - Passwall              Trmt/Erth      #.........   100%        2    ###....


Dungeon Overview and Level Annotations

Branches:
Dungeon (1/15)

Altars:


Innate Abilities, Weirdness & Mutations

You are resistant to damage.
You can recharge devices by infusing magical energy.
You passively map a small area around you.
You do not regenerate naturally.


Message History

Found a plate armour.
You see here a plate armour.
s - a plate armour You start removing your armour.
You continue taking off your +0 leather armour. x4
You finish taking off your +0 leather armour.
You start putting on your armour.
You continue putting on your plate armour. x5
You finish putting on your cursed +0 plate armour.
Oops, that feels deathly cold.
Quivering
p - 28 arrows for throwing.
Quivering
b - 95 stones for throwing.
As you read the scroll labeled MUUSMO ASI GER, it crumbles to dust.
You feel as if something is helping you.
It was a scroll of remove curse.
Quiver which item? (- for none, * to show all) (? for menu, Esc to quit)
Okay, then.
Drink which item? (? for menu, Esc to quit)
Okay, then.
Are you sure you want to abandon this character and quit the game? (Confirm with "yes".)

##.#.#..# #.# #.# #########*
##.#.#..# #.# #.###........
#.#.#..## #.# #.....#######
#.......###.# ####..#* ,
#........##.# #..# # *
##...........# #..##.####. ,
#.........#### #.....$....
#.####...###########.###.#####
..# ##.##......@....# ,# ..#
#....########..# , #.# #.#..#
#..# * * * * #.#####.#..# #..,
#.......#..# ... * *
#.#####.#..# , ,, ..#
#....######.# #.#
#............ #.#
#.#.#########*


There were no monsters in sight!

Vanquished Creatures
  2 dart slugs (D:1)
  A giant gecko (D:1)
  2 bats (D:1)
  A giant cockroach (D:1)
  2 goblins (D:1)
  2 hobgoblins (D:1)
  4 jackals (D:1)
  2 kobolds (D:1)
  3 rats (D:1)
19 creatures vanquished.

Notes
Turn   | Place    | Note
--------------------------------------------------------------
     0 | D:1      | Joat the Deep Dwarf Earth Elementalist began the quest for the Orb.
     0 | D:1      | Reached XP level 1. HP: 15/15 MP: 3/3
   231 | D:1      | Reached XP level 2. HP: 22/22 MP: 0/5
   312 | D:1      | Learned a level 2 spell: Passwall
   610 | D:1      | Quit the game

Skill      XL: |  1 |
---------------+----+-----
Spellcasting   | 2 |  2.1
Armour         | |  0.7
Dodging        | |  2.5
Stealth        | |  2.6
Transmutations | |  0.8
Earth Magic    | |  4.3
Evocations     | |  0.6

Action                   || total
-------------------------++-------
Melee: Club              ||    38
Throw: Stone             ||    17
 Cast: Sandblast         ||    25
  Use: Scroll            ||     1
 Stab: Sleeping          ||     2
Armor: Robe              ||    12
       Leather armour    ||     5
Dodge: Dodged            ||    41
